 Dungeon Crawl Stone Soup version 0.21-a0-84-g85d6d27 (console) character file.

1088 HarryHood the Skirmisher (level 8, -16/52 HPs)
             Began as a Gargoyle Berserker on June 5, 2017.
             Was a Priest of Trog.
             Killed by divine providence
             ... invoked by an orc priest
              (17 damage)
             ... on level 7 of the Dungeon on July 1, 2017.
             The game lasted 00:21:32 (5688 turns).

HarryHood the Skirmisher (Gargoyle Berserker)       Turns: 5688, Time: 00:21:33

Health: -16/52     AC: 17    Str: 23    XL:     8   Next: 30%
Magic:  8/8        EV:  8    Int:  7    God:    Trog [***...]
Gold:   254        SH:  0    Dex: 10    Spells: 7/7 levels left

rFire    . . .     SeeInvis +   a - +0 flail
rCold    . . .     Gourm    .   (no shield)
rNeg     + . .     Faith    .   n - +0 chain mail (curse)
rPois    ∞         Spirit   .   q - +0 hat
rElec    +         Reflect  .   (no cloak)
rCorr    .         Harm     .   (no gloves)
MR       .....                  s - +1 pair of boots
Stlth    ..........             (no amulet)
HPRegen  0.17/turn              o - ring of see invisible
MPRegen  0.11/turn              t - ring of stealth

@: no status effects
A: negative energy resistance 1, electricity resistance, unbreathing,
petrification resistance, rot immunity, AC +5
a: Berserk, Trog's Hand, Burn Spellbooks, Renounce Religion


You were on level 7 of the Dungeon.
You worshipped Trog.
Trog was most pleased with you.
You were very hungry.

You visited 2 branches of the dungeon, and saw 8 of its levels.
You also visited: Sewer.

You collected 254 gold pieces.

Inventory:

Hand Weapons
 a - a +0 flail (weapon)
 b - a +0 hunting sling
Missiles
 i - 20 sling bullets
Armour
 n - a cursed +0 chain mail (worn)
 q - a +0 hat (worn)
 s - a +1 pair of boots (worn)
Jewellery
 o - a ring of see invisible (left hand)
 t - a ring of stealth (right hand)
Scrolls
 f - a scroll of blinking {@r7}
 g - 6 scrolls of fear
 r - a scroll of identify
 u - 2 scrolls of remove curse {@r1}
Potions
 d - a potion of cancellation
 e - 3 potions of heal wounds {@q1}
 h - 2 potions of flight
 k - 3 potions of agility
Comestibles
 c - 5 bread rations {@e1}
 l - 3 royal jellies {@e3}
 m - 6 fruits {@e2}
 p - 2 meat rations {@e1}


   Skills:
 * Level 6.8 Fighting
 - Level 6.3 Maces & Flails
 - Level 6.3 Armour
 - Level 1.5 Dodging


You had 7 spell levels left.
You didn't know any spells.

Dungeon Overview and Level Annotations

Branches:
Dungeon (7/15)             Temple (1/1) D:6

Altars:
Ashenzari
Dithmenos
Gozag
Kikubaaqudgha
Nemelex Xobeh
Okawaru
Qazlal
Xom
Yredelemnul
The Shining One


Innate Abilities, Weirdness & Mutations

You are resistant to torment.
Your stone body is resilient. (AC +5)
You are immune to poison.
You resist negative energy. (rN+)
You are resistant to electric shocks. (rElec)
You can survive without breathing.
You are immune to petrification.
You are immune to rotting.


Message History

The orc wizard gestures at you while chanting.
The puff of frost hits you!
* * * LOW HITPOINT WARNING * * *
You take 5 damage, and have 2/52 hp.
You hit the orc priest. The orc priest barely misses you.
The orc wizard hits you but does no damage.
Your chain mail prevents you from hitting the orc priest.
The orc priest hits you with a club.
* * * LOW HITPOINT WARNING * * *
The orc wizard gestures wildly while chanting.
The orc wizard flickers and vanishes for a moment.
You take 1 damage, and have 1/52 hp.
You hit the orc priest.
The orc priest hits you but does no damage.
The orc wizard gestures wildly while chanting.
The orc wizard seems to speed up.
You hit the orc priest. The orc wizard barely misses you.
The orc priest mumbles some strange prayers to Beogh against you.
Beogh smites you!
You die...

# .##. ## ....#
###. .....##...
.........###
...........##
.........#..######
.........o@o.....>
.......<.##......#
...#..##.....###..
.... ......$. ....
.##..#.... ..# #.
.....##.. . #
#.##.. . .. ...
...


You could see an orc priest and an orc wizard (invisible).

Vanquished Creatures
  2 ice beasts
  2 centaurs
  2 bullfrogs (Sewer)
  2 crimson imps
  A hound (D:4)
  3 orc priests
  3 iguanas
  A bullfrog skeleton (D:5)
  4 worker ants
  A worker ant zombie (D:5)
  3 gnolls (D:5)
  6 adders
  A shadow imp (D:5)
  3 oozes
  An adder skeleton (D:4)
  A worm (D:5)
  3 dart slugs
  6 leopard geckos
  5 orcs (D:5)
  8 bats
  13 giant cockroaches
  5 goblins
  6 hobgoblins
  10 jackals
  3 quokkas
  5 ball pythons
  6 frilled lizards
  11 kobolds
  7 rats
124 creatures vanquished.

Notes
Turn   | Place    | Note
-------+----------+-------------------------------------------
     0 | D:1      | HarryHood the Gargoyle Berserker began the quest for the Orb.
     0 | D:1      | Reached XP level 1. HP: 14/14 MP: 1/1
    39 | D:1      | Upgraded the game from 0.21-a0-41-g5e91fef to 0.21-a0-51-gea492e9
   117 | D:1      | Reached XP level 2. HP: 20/20 MP: 2/2
   155 | D:1      | Reached skill level 4 in Fighting
   406 | D:1      | Upgraded the game from 0.21-a0-51-gea492e9 to 0.21-a0-84-g85d6d27
   495 | D:1      | Reached XP level 3. HP: 21/24 MP: 3/3
  1064 | D:2      | Reached skill level 5 in Fighting
  1209 | D:2      | Found a shadowy altar of Dithmenos.
  1495 | D:2      | Reached ** piety under Trog
  1500 | D:2      | Found a stormy altar of Qazlal.
  1524 | D:2      | Reached XP level 4. HP: 31/31 MP: 4/4
  1859 | D:3      | Found a shattered altar of Ashenzari.
  2353 | D:4      | Reached skill level 6 in Fighting
  2353 | D:4      | Reached XP level 5. HP: 36/36 MP: 5/5
  2526 | D:4      | Found a glowing drain.
  2588 | Sewer    | Entered a sewer
  2901 | Sewer    | Reached skill level 4 in Maces & Flails
  3018 | Sewer    | Reached XP level 6. HP: 22/41 MP: 6/6
  3024 | Sewer    | Reached skill level 5 in Maces & Flails
  3570 | D:4      | Found a shimmering altar of Xom.
  3822 | D:5      | Entered Level 5 of the Dungeon
  4000 | D:5      | Found a basalt altar of Yredelemnul.
  4038 | D:5      | Noticed an ice beast
  4054 | D:5      | Killed an ice beast
  4054 | D:5      | Reached skill level 6 in Maces & Flails
  4054 | D:5      | Reached XP level 7. HP: 45/46 MP: 7/7
  4092 | D:5      | Reached skill level 3 in Armour
  4345 | D:5      | Reached *** piety under Trog
  4363 | D:5      | Reached skill level 4 in Armour
  4625 | D:5      | Reached skill level 5 in Armour
  4818 | D:6      | Reached XP level 8. HP: 43/51 MP: 8/8
  4936 | D:6      | Reached skill level 6 in Armour
  4981 | D:6      | Found a sparkling altar of Nemelex Xobeh.
  5020 | D:6      | Found an ancient bone altar of Kikubaaqudgha.
  5324 | D:6      | Found an iron altar of Okawaru.
  5325 | D:6      | Found an opulent altar of Gozag.
  5405 | D:6      | Found a staircase to the Ecumenical Temple.
  5439 | Temple   | Entered the Ecumenical Temple
  5684 | D:7      | HP: 2/52 [orc wizard/puff of frost (5)]
  5688 | D:7      | Killed from afar by an orc priest

Vault maps used:
D:1:      dpeg_arrival_long_road
D:2:      grunt_dithmenos_smoke_and_mirrors, marbit_many_paths
D:3:      cheibrodos_ashenzari_chains, first_bread
D:4:      lemuel_round_altar, gup_sewer_entry_pipe
D:5:      nicolae_overflow_crystal_walls
D:6:      lemuel_crystal_altar, kennysheep_mini, nicolae_overflow_hidden_temple,
          minmay_temple_entry_trees, minivault_19
D:7:      eat_drink_and_be_merry_uskayaw, basic_altar, grunt_ogre_cave,
          kennysheep_generic_room_3
Temple:   nicolae_temple_figure_zero
Sewer:    sewer_frog_island_01

Skill      XL: |  1  2  3  4  5  6  7  8 |
---------------+-------------------------+-----
Fighting       | 4 5 6 |  6.8
Maces & Flails | 4 6 |  6.3
Armour         | 5 6 |  6.3
Dodging        | |  1.5

Action                   |  1- 3 |  4- 6 |  7- 9 || total
-------------------------+-------+-------+-------++-------
Melee: Mace              |   130 |       |       ||   130
       Flail             |    20 |   227 |   164 ||   411
  Use: Scroll            |     4 |     6 |     4 ||    14
 Stab: Sleeping          |     1 |       |       ||     1
  Eat: Chunk             |     2 |     9 |     4 ||    15
Armor: Animal skin       |    70 |       |       ||    70
       Scale mail        |     4 |    30 |       ||    34
       Chain mail        |       |   139 |   124 ||   263
Dodge: Dodged            |   127 |   119 |    56 ||   302
